Cogmind - Beta 15 @@@ ROGUE MODE // 2025.05.18 @ 12:18:52 Player: Eggpie Result: Destroyed by H-66 Slayer with Gauss Rifle Performance ------------- Evolutions (4) 2000 Regions Visited (8) 1600 Robots Destroyed (12) 60 Value Destroyed (262) 262 Prototype IDs (32) 640 Alien Tech Used (0) 0 Bonus (800) 800 TOTAL SCORE: 5362 Bonus ------- Entered DSFs 500 Aligned with FarCom 300 Cogmind --------- Core Integrity 0/850 Matter 239/300 Energy 87/100 System Corruption 4% Temperature Cool (2) Movement Hovering (70) Location -6/DSF Parts ------- > --- POWER (2) -------- (None) > --- PROPULSION (4) --- Gyrokinetic Inverter > --- UTILITY (6) ------ Improved Heat Sink > --- WEAPON (3) ------- (None) > --- INVENTORY (5) ---- Advanced ECM Suite Improved Reaction Control System Improved Reaction Control System System Restoration Module Recalibrator Peak State ------------ > --- POWER ------------ (None) > --- PROPULSION ------- Improved VTOL Module > --- UTILITY ---------- Improved Heat Sink Small Storage Unit Advanced Weight Redist. System Triangulator Advanced Targeting Computer Energy Filter > --- WEAPON ----------- Gatling Laser Cooled Pulse Rifle Improved Datajack > --- INVENTORY -------- Advanced ECM Suite Reaction Control System Improved Propulsion Shielding Hardlight Generator System Restoration Module Recalibrator Guided Plasma Cannon [Rating: 37] Favorites ----------- Power Ion Engine Engine Ion Engine Power Core Micro Nuclear Core Propulsion VTOL Module Wheel Wheel Hover Unit Gyrokinetic Inverter Flight Unit VTOL Module Utility Small Storage Unit Device Advanced Weight Redist. System Storage Small Storage Unit Processor Advanced Targeting Computer Hackware Authchip [Armor] Protection Propulsion Shielding Weapon Datajack Energy Gun Small Laser Energy Cannon Guided Plasma Cannon Ballistic Gun Gauss Rifle Special Weapon Mining Laser Special Melee Weapon Datajack Build | -11 -10 -10 -10 -9 -8 -7 -6 -6 ------- Run | Yrd Mat Min Exi Min Mat Fac Fac DSF Slots Evolved 8 | . . . . . 4 2 2 . Power 1 | . . . . . 1 . . . Propulsion 2 | . . . . . 1 . 1 . Utility 4 | . . . . . 1 2 1 . Weapon 1 | . . . . . 1 . . . Parts Attached 48 | 6 12 3 . 3 8 11 1 4 Power 7 | 1 1 . . 1 2 2 . . Engine 6 | 1 1 . . . 2 2 . . Core 1 | . . . . 1 . . . . Reactor . | . . . . . . . . . Propulsion 10 | 2 3 . . 1 2 1 . 1 Treads . | . . . . . . . . . Leg . | . . . . . . . . . Wheel 2 | 2 . . . . . . . . Hover 1 | . . . . . . . . 1 Flight 7 | . 3 . . 1 2 1 . . Utility 15 | 1 4 2 . . 2 3 1 2 Device 7 | . 2 1 . . . 2 1 1 Storage 2 | 1 . 1 . . . . . . Processor 3 | . 2 . . . . 1 . . Hackware 1 | . . . . . . . . 1 Protection 2 | . . . . . 2 . . . Artifact . | . . . . . . . . . Weapon 16 | 2 4 1 . 1 2 5 . 1 Energy Gun 5 | 1 1 1 . . . 2 . . Energy Cannon 1 | . . . . . . . . 1 Ballistic Gun 5 | 1 1 . . 1 . 2 . . Ballistic Cannon . | . . . . . . . . . Launcher . | . . . . . . . . . Special Weapon 1 | . 1 . . . . . . . Impact Weapon . | . . . . . . . . . Slashing Weapon . | . . . . . . . . . Piercing Weapon . | . . . . . . . . . Special Melee Weapon 4 | . 1 . . . 2 1 . . Unidentified Prototypes 2 | . . . . . 1 1 . . Parts Lost 25 | . 2 . . 3 6 7 . 7 Power 5 | . . . . 1 2 2 . . Propulsion 6 | . 1 . . 1 1 2 . 1 Utility 6 | . . . . . . 1 . 5 Weapon 8 | . 1 . . 1 3 2 . 1 Highest Loss Streak 5 | . 2 . . 3 3 5 . 5 To Critical Strikes . | . . . . . . . . . Average Backups 6 | 1 4 5 7 7 7 7 7 5 Power . | . . . 2 3 1 . . . Propulsion . | . . 2 2 1 . . . . Utility 3 | . . 2 1 1 3 6 6 5 Weapon 1 | . 2 1 1 1 1 1 1 . Tool/Special . | . . . . . . . . . Unused Backups 19 | . . . 4 1 6 1 . 7 Power 3 | . . . . . 3 . . . Propulsion . | . . . . . . . . . Utility 12 | . . . 2 1 1 1 . 7 Weapon 3 | . . . 2 . 1 . . . Tool/Special 1 | . . . . . 1 . . . Average Slot Usage (%) 72 | . 75 100 100 97 70 56 66 38 Engine 7 | . 14 14 14 12 3 1 . . Flight 16 | . 17 28 28 28 22 10 6 3 Device 12 | . 7 14 14 14 9 13 20 16 Storage 7 | . 2 . 14 14 9 7 6 2 Processor 3 | . 3 14 . . . 6 6 3 Protection 3 | . . . . . 7 7 6 . Energy Gun 10 | . 19 14 14 12 . 3 13 6 Ballistic Gun 1 | . 1 . . . 8 1 . . Special Weapon 1 | . 4 . . . . . . . Special Melee Weapon 6 | . 2 14 14 14 4 3 6 2 Peak Build Rating 37 | 6 10 13 17 20 23 30 33 37 Average Rating 17 | 5 6 12 14 14 20 23 33 22 On Entrance 16 | . 6 10 13 15 20 17 30 33 Naked Turns . | . . . . . . . . . Heaviest Build 21 | 12 12 14 14 16 21 18 19 19 Greatest Support 22 | 20 20 17 17 17 22 22 14 14 Greatest Overweight (x) 3 | . 2 . . . . 3 1 1 Average Overweight (x) . | . . . . . . . 1 . Largest Inventory Capacity 8 | 8 8 8 8 8 8 8 8 8 Average Capacity 7 | 7 5 5 8 8 8 8 8 6 Most Carried 8 | 3 5 5 8 8 8 8 7 8 Average Carried 6 | 1 4 5 7 7 7 7 7 5 Final Capacity 8 | 8 5 8 8 8 8 8 8 5 Final Carried 8 | 3 5 5 8 8 8 8 7 5 Class Distribution -------------------- 57% | Mutant 42% | Sprinter Dominant Class ---------------- Sprinter | -10/Materials Sprinter | -10/Mines Sprinter | -10/Exiles Sprinter | -9/Mines Sprinter | -8/Materials Mutant | -7/Factory Mutant | -6/Factory Mutant | -6/DSF Resources | -11 -10 -10 -10 -9 -8 -7 -6 -6 ----------- Run | Yrd Mat Min Exi Min Mat Fac Fac DSF Matter Collected 609 | 193 154 . . 85 30 72 . 75 Remotely . | . . . . . . . . . Salvage Created 435 | 116 172 . . . . 72 . 75 Parts 29 | 8 15 . . . . 4 . 2 Haulers Intercepted 2 | . 1 . . . . 1 . . Recyclers Shooed . | . . . . . . . . . Parts Field Recycled . | . . . . . . . . . Retrieved Matter . | . . . . . . . . . Parts Self-Destructed . | . . . . . . . . . Prevented . | . . . . . . . . . Kills | -11 -10 -10 -10 -9 -8 -7 -6 -6 ------- Run | Yrd Mat Min Exi Min Mat Fac Fac DSF Combat Hostiles Destroyed 4 | . 2 . . . . 1 . 1 Guns 2 | . 2 . . . . . . . Cannons 1 | . . . . . . . . 1 Classes Destroyed 7 | 2 3 . . . . 1 . 1 Tunneler 4 | 2 2 . . . . . . . Hauler 2 | . 1 . . . . 1 . . Recycler 1 | 1 . . . . . . . . Watcher 1 | . 1 . . . . . . . Grunt 2 | . 2 . . . . . . . Specialist 1 | . . . . . . . . 1 Programmer 1 | . . . . . . 1 . . Best Kill Streak 2 | 2 2 . . . . 1 . 1 Combat Bots Only 1 | . 1 . . . . 1 . 1 Max Kills in Single Turn 1 | 1 1 . . . . 1 . 1 Gunslinging . | . . . . . . . . . Exploded . | . . . . . . . . . Melee . | . . . . . . . . . Uniques/NPCs Destroyed . | . . . . . . . . . Combat | -11 -10 -10 -10 -9 -8 -7 -6 -6 -------- Run | Yrd Mat Min Exi Min Mat Fac Fac DSF Hostile Shots Fired 332 | . 17 . . 25 70 126 . 94 Missed 143 | . 1 . . 8 38 62 . 34 Hits 189 | . 16 . . 17 32 64 . 60 Projectile 189 | . 16 . . 17 32 64 . 60 AOE 2 | . . . . 2 . . . . Critical Strikes 4 | . . . . . 1 2 . 1 Damage Taken 3248 | . 226 . . 247 514 959 . 1302 Core 1572 | . 112 . . 79 136 383 . 862 Absorbed by Shields 56 | . . . . . . . . 56 Redirected to Shielding 44 | . . . . . 16 28 . . Core Remaining (%) 60 | 100 . . . 23 75 45 . . Volleys Fired 61 | 10 37 . . 1 . 9 . 4 Largest 2 | 2 2 . . 1 . 1 . 1 Hottest 140 | 60 140 . . 50 . 80 . 120 Shots Fired 94 | 20 59 . . 1 . 10 . 4 Gun 89 | 20 58 . . 1 . 10 . . Cannon 4 | . . . . . . . . 4 Launcher . | . . . . . . . . . Special 1 | . 1 . . . . . . . Kinetic 19 | 10 6 . . . . 3 . . Thermal 74 | 10 53 . . . . 7 . 4 Explosive . | . . . . . . . . . Electromagnetic 1 | . . . . 1 . . . . Robot Hit Streak 7 | 6 7 . . . . 5 . 7 Robot Miss Streak 4 | 4 3 . . 1 . 2 . . Penetration Max . | . . . . . . . . . Secondary Targets . | . . . . . . . . . Shots Hit Robots 68 | 12 38 . . 2 2 10 . 4 Core Hits 24 | 7 11 . . . . 5 . 1 Critical Kills . | . . . . . . . . . Critical Parts Destroyed . | . . . . . . . . . Critical Strikes . | . . . . . . . . . Melee Attacks 5 | . . . . 2 2 1 . . Impact . | . . . . . . . . . Slashing . | . . . . . . . . . Piercing . | . . . . . . . . . Sneak Attacks 2 | . . . . 1 . 1 . . Combat Hostiles . | . . . . . . . . . Follow-up Attacks . | . . . . . . . . . Damage Inflicted 887 | 117 431 . . . . 205 . 134 Guns 729 | 117 407 . . . . 205 . . Cannons 134 | . . . . . . . . 134 Explosions . | . . . . . . . . . Melee . | . . . . . . . . . Ramming . | . . . . . . . . . Kinetic 108 | 41 36 . . . . 31 . . Thermal 779 | 76 395 . . . . 174 . 134 Explosive . | . . . . . . . . . Electromagnetic . | . . . . . . . . . Impact . | . . . . . . . . . Slashing . | . . . . . . . . . Piercing . | . . . . . . . . . Highest Corruption 4 | . 2 2 2 3 1 1 . 4 Average Corruption 1 | . 2 2 2 2 1 1 . 2 Corruption Purged . | . . . . . . . . . Corruption Blocked . | . . . . . . . . . Effects 13 | . 4 . 4 2 . 2 . 1 Message Errors 5 | . . . 4 1 . . . . Matter Fused 2 | . 1 . . . . . . 1 Energy Discharges 1 | . 1 . . . . . . . Data Loss (minor) 1 | . . . . 1 . . . . Data Loss (major) 1 | . . . . . . 1 . . Misfires 2 | . 1 . . . . 1 . . Weapon Failures 1 | . 1 . . . . . . . Overload Shots . | . . . . . . . . . Overflow Damage . | . . . . . . . . . Projectiles . | . . . . . . . . . Explosions . | . . . . . . . . . Melee . | . . . . . . . . . Knockbacks . | . . . . . . . . . Impact . | . . . . . . . . . Kinetic . | . . . . . . . . . Secondary . | . . . . . . . . . Self-Inflicted Damage . | . . . . . . . . . Shots . | . . . . . . . . . Rammed . | . . . . . . . . . Targets Rammed . | . . . . . . . . . Kicked . | . . . . . . . . . Crushed . | . . . . . . . . . Highest Temperature 164 | 40 164 . . 31 26 30 . 6 Average Temperature 47 | 19 60 . . 16 13 13 . 4 Received Heat Transfer 459 | . 123 . . 111 225 . . . Siege Activations . | . . . . . . . . . Martial Activations . | . . . . . . . . . Shielding Activations . | . . . . . . . . . Robots Disrupted . | . . . . . . . . . Combat Hostiles . | . . . . . . . . . Robots Corrupted . | . . . . . . . . . Combat Hostiles . | . . . . . . . . . Parts Fried . | . . . . . . . . . Impact Corruptions . | . . . . . . . . . Robots Melted 1 | . . . . . . 1 . . Combat Hostiles 1 | . . . . . . 1 . . Parts Melted 3 | . 1 . . . . 1 . 1 Heat Transferred 1720 | 175 900 . . . . 325 . 320 Parts Sabotaged . | . . . . . . . . . Parts Stolen . | . . . . . . . . . Parts Stripped . | . . . . . . . . . Power Chain Reactions . | . . . . . . . . . Alert | -11 -10 -10 -10 -9 -8 -7 -6 -6 ------- Run | Yrd Mat Min Exi Min Mat Fac Fac DSF Maximum Alert Level . | . . . . . . . . . Low Security (%) 100 | 100 100 100 . 100 100 100 100 100 Level 1 . | . . . . . . . . . Level 2 . | . . . . . . . . . Level 3 . | . . . . . . . . . Level 4 . | . . . . . . . . . Level 5 . | . . . . . . . . . High Security . | . . . . . . . . . Max Security . | . . . . . . . . . Peak Influence 99 | 5 40 5 . 75 99 97 6 20 Initial 30 | . . 5 . . . 30 . . Average 13 | 1 7 2 . 13 35 25 . 3 Influence Increases 602 | 15 101 . . 75 164 221 6 20 Destroy 0b10 Robot/C 80 | . 40 . . . . 20 . 20 Destroy 0b10 Robot/NC 40 | 15 20 . . . . 5 . . Destroy Leader 26 | . 14 . . . . 12 . . Successful Hack 66 | . 12 . . . 29 19 6 . Partial Spotted 15 | . 15 . . . . . . . Lose Combat Pursuer 375 | . . . . 75 135 165 . . Influence Decreases 602 | 15 86 15 . 75 95 290 6 20 Entered New Map 49 | . . 10 . . . 39 . . Time Decay 311 | 15 86 5 . 20 45 134 6 . Lost Part 140 | . . . . 10 50 60 . 20 Lost Ally 45 | . . . . 45 . . . . Purge Threat 57 | . . . . . . 57 . . Squads Dispatched 15 | . 3 1 . . 4 6 . 1 Investigation 11 | . 3 1 . . 2 5 . . Extermination . | . . . . . . . . . Reinforcement 4 | . . . . . 2 1 . 1 Assault . | . . . . . . . . . Garrison . | . . . . . . . . . Intercept . | . . . . . . . . . Searches Triggered . | . . . . . . . . . Construction Impeded . | . . . . . . . . . Haulers Reinforced . | . . . . . . . . . Active Scanning Responses . | . . . . . . . . . Cargo Convoy Interrupts . | . . . . . . . . . Stealth | -11 -10 -10 -10 -9 -8 -7 -6 -6 --------- Run | Yrd Mat Min Exi Min Mat Fac Fac DSF Distress Signals 3 | . . . . 1 2 . . . Communications Jammed . | . . . . . . . . . Distress Signals . | . . . . . . . . . Times Spotted 81 | . 7 . . 26 25 16 1 6 Peak Tracking Total 16 | . 2 . . 16 9 8 1 5 Tactical Retreats 8 | . . . . 1 4 3 . . Traps | -11 -10 -10 -10 -9 -8 -7 -6 -6 ------- Run | Yrd Mat Min Exi Min Mat Fac Fac DSF Traps Triggered 5 | . 2 . . . . . . 3 Indirectly . | . . . . . . . . . Trap Hack Attempts . | . . . . . . . . . Triggered . | . . . . . . . . . Disarmed 6 | . . . . . . 6 . . Reprogrammed . | . . . . . . . . . Reused . | . . . . . . . . . Traps Extracted . | . . . . . . . . . Installed . | . . . . . . . . . Triggered . | . . . . . . . . . Machines | -11 -10 -10 -10 -9 -8 -7 -6 -6 ---------- Run | Yrd Mat Min Exi Min Mat Fac Fac DSF Machines Disabled . | . . . . . . . . . Max in Single Turn . | . . . . . . . . . Machines Repaired . | . . . . . . . . . Machines Dismantled . | . . . . . . . . . Machines Sabotaged . | . . . . . . . . . Overloaded Fab Kills . | . . . . . . . . . Hacking | -11 -10 -10 -10 -9 -8 -7 -6 -6 --------- Run | Yrd Mat Min Exi Min Mat Fac Fac DSF Machines Accessed 21 | . 5 1 1 1 5 6 2 . Terminals 15 | . 4 . . . 4 5 2 . Fabricators . | . . . . . . . . . Repair Stations . | . . . . . . . . . Recycling Units 1 | . 1 . . . . . . . Scanalyzers 2 | . . . . . 1 1 . . Garrison Access . | . . . . . . . . . Total Hacks 62 | . 17 1 1 1 17 18 7 . Successful 30 | . 8 1 1 1 8 7 4 . Failed 32 | . 9 . . . 9 11 3 . Catastrophic 3 | . . . . . 1 2 . . Database Lockouts . | . . . . . . . . . Manual 2 | . 1 . 1 . . . . . Terminals 48 | . 15 . . . 12 14 7 . Fabricators . | . . . . . . . . . Repair Stations . | . . . . . . . . . Recycling Units 2 | . 2 . . . . . . . Scanalyzers 9 | . . . . . 5 4 . . Garrison Access . | . . . . . . . . . Terminal Hacks 24 | . 6 1 1 1 6 5 4 . Record 2 | . . . . . 1 1 . . Part Schematic 1 | . . . . . . 1 . . Robot Analysis 2 | . . . . . 2 . . . Prototype ID Bank 3 | . 1 . . . 1 . 1 . Open Door 2 | . . 1 . 1 . . . . Open DSF 1 | . . . . . . . 1 . Branch Access Points 1 | . 1 . . . . . . . Recycling Unit Index 1 | . . . . . . . 1 . Alert Level 1 | . . . . . 1 . . . Unreport Threat 1 | . . . . . . 1 . . Locate Traps 1 | . 1 . . . . . . . Disarm Traps 1 | . . . . . . 1 . . Maintenance Status 1 | . . . . . . . 1 . Zone Layout 5 | . 3 . . . 1 1 . . Proto ID Catalog 1 | . . . 1 . . . . . Fabricator Hacks . | . . . . . . . . . Repair Station Hacks . | . . . . . . . . . Recycling Unit Hacks 2 | . 2 . . . . . . . Report Inventory 1 | . 1 . . . . . . . Retrieve Components 1 | . 1 . . . . . . . Scanalyzer 4 | . . . . . 2 2 . . Insert Component 2 | . . . . . 1 1 . . Analyze 2 | . . . . . 1 1 . . Garrison Access Hacks . | . . . . . . . . . Unauthorized Hacks . | . . . . . . . . . Terminals . | . . . . . . . . . Fabricators . | . . . . . . . . . Repair Stations . | . . . . . . . . . Recycling Units . | . . . . . . . . . Scanalyzers . | . . . . . . . . . Garrison Access . | . . . . . . . . . Data Cores Recovered . | . . . . . . . . . Used . | . . . . . . . . . Hacking Detections 18 | . 5 . . . 5 6 2 . Full Trace Events 10 | . 3 . . . 2 5 . . Feedback Events 1 | . . . . . 1 . . . Corruption 1 | . . . . . 1 . . . Feedback Blocked . | . . . . . . . . . Robot Schematics Acquired . | . . . . . . . . . Robots Built . | . . . . . . . . . Authchips . | . . . . . . . . . Time . | . . . . . . . . . Total Robot Build Rating . | . . . . . . . . . Part Schematics Acquired 3 | . . . . . 1 2 . . Parts Built . | . . . . . . . . . Authchips . | . . . . . . . . . Time . | . . . . . . . . . Total Part Build Rating . | . . . . . . . . . Parts Repaired . | . . . . . . . . . Time . | . . . . . . . . . Parts Recycled . | . . . . . . . . . Recycled Matter . | . . . . . . . . . Retrieved Matter . | . . . . . . . . . Retrieved Components 2 | . 2 . . . . . . . Parts Scanalyzed 2 | . . . . . 1 1 . . Part Schematics Acquired 2 | . . . . . 1 1 . . Parts Damaged . | . . . . . . . . . Bothacking | -11 -10 -10 -10 -9 -8 -7 -6 -6 ------------ Run | Yrd Mat Min Exi Min Mat Fac Fac DSF Used RIF Installer . | . . . . . . . . . Robots Hacked 4 | . . . . 2 1 1 . . Non-combat 3 | . . . . 1 1 1 . . Combat 1 | . . . . 1 . . . . Robot Hacks Applied 5 | . . . . 2 2 1 . . parse_system 2 | . . . . 1 1 . . . no_distress 2 | . . . . 1 . 1 . . check_alert 1 | . . . . . 1 . . . Relay Couplers Released . | . . . . . . . . . Fabnet Peak Effective % . | . . . . . . . . . Robots Rewired . | . . . . . . . . . Allies Hacked . | . . . . . . . . . Hacks Repelled . | . . . . . . . . . Allies | -11 -10 -10 -10 -9 -8 -7 -6 -6 -------- Run | Yrd Mat Min Exi Min Mat Fac Fac DSF Total Allies 3 | . . . . 3 . . . . Largest Group 3 | . . . . 3 . . . . Highest-Rated Group 40 | . . . . 40 . . . . Highest-Rated Ally 16 | . . . . 16 . . . . Total Orders 4 | . . . . 4 . . . . GUARD 4 | . . . . 4 . . . . Ally Attacks 6 | . . . . 6 . . . . Total Damage 68 | . . . . 68 . . . . Kills . | . . . . . . . . . Allies Corrupted . | . . . . . . . . . Allies Melted . | . . . . . . . . . Intel | -11 -10 -10 -10 -9 -8 -7 -6 -6 ------- Run | Yrd Mat Min Exi Min Mat Fac Fac DSF Active Infowar (turns) 5 | . . . . . . . . 5 Triangulation 5 | . . . . . . . . 5 Robot Analysis Total 2 | . . . . . 2 . . . Derelict Logs Recovered 1 | . . . . 1 . . . . Drone Launches . | . . . . . . . . . Drone Recoveries . | . . . . . . . . . Exploration | -11 -10 -10 -10 -9 -8 -7 -6 -6 ------------- Run | Yrd Mat Min Exi Min Mat Fac Fac DSF Turns Passed 1533 | 71 328 37 162 167 157 307 171 133 Spaces Moved 2532 | 38 363 99 474 375 416 533 144 90 Core 94 | 7 30 . . . . . . 57 Treads . | . . . . . . . . . Legs . | . . . . . . . . . Wheels 49 | 31 18 . . . . . . . Hover 4 | . . . . . . . . 4 Flight 2385 | . 315 99 474 375 416 533 144 29 Fastest Speed 29 | 50 32 32 32 32 29 29 105 50 Average Speed 44 | 74 55 32 32 32 30 45 105 75 Slowest Speed 245 | 80 200 32 32 32 32 245 105 105 Overloaded Moves . | . . . . . . . . . Propulsion Burnouts . | . . . . . . . . . Robots Hopped 38 | . 2 . . 4 22 10 . . Potential Cave-ins . | . . . . . . . . . Cave-ins Triggered . | . . . . . . . . . Exploration Rate (%) 40 | 3 45 28 88 70 41 18 4 66 Regions Visited 8 Branch Regions 3 Pre-discovered Areas . | . . . . . . . . . Known Exits Taken 2 | . 1 . . . . . 1 . Unknown Exits Taken 6 | 1 . 1 1 1 1 1 . . Scrap Searched 1 | . . . . 1 . . . . Spaces Dug . | . . . . . . . . . Terrain Destroyed 1 | . . . . . . 1 . . Melee . | . . . . . . . . . Projectile 1 | . . . . . . 1 . . AOE . | . . . . . . . . . Terrain Rammed . | . . . . . . . . . Walls Destroyed . | . . . . . . . . . Machines Disabled . | . . . . . . . . . Actions | -11 -10 -10 -10 -9 -8 -7 -6 -6 --------- Run | Yrd Mat Min Exi Min Mat Fac Fac DSF Total 2812 | 62 426 104 486 415 425 576 163 155 Wait 100 | . . . . 35 . 25 19 21 Move 2456 | 37 358 98 473 367 376 514 143 90 Hop 30 | . 2 . . 3 17 8 . . Pick Up 44 | 9 7 . 8 3 12 2 . 3 Fast Attach 24 | . 6 2 . 1 2 10 . 3 Attach 19 | 6 2 . . 2 3 2 1 3 Detach 3 | . 1 . . . . 1 . 1 Swap 12 | . 5 1 . . 4 2 . . Drop 37 | . 8 3 5 1 9 2 . 9 Fire 61 | 10 37 . . 1 . 9 . 4 Melee 5 | . . . . 2 2 1 . . Ram . | . . . . . . . . . Kick . | . . . . . . . . . Crush . | . . . . . . . . . Escape Stasis 21 | . . . . . . . . 21 Rewire . | . . . . . . . . . Trap . | . . . . . . . . . Miscellaneous . | . . . . . . . . . Route ------- -11/Scrapyard -10/Materials (discovered 4 exits: [Mat] / *Min x2 / [*Sub]) -10/Mines -10/Exiles -9/Mines (discovered 2 exits: *Mat x2) -8/Materials -7/Factory -6/Factory -6/DSF History --------- Turn | Location | Event 22 | -11/Scrapyard | Discovered new exit (range 15) 72 | -11/Scrapyard | Entered Materials 268 | -10/Materials | Identified exit to Mines 268 | -10/Materials | Discovered new exit (range 13) 279 | -10/Materials | Discovered new exit (range 5) 400 | -10/Materials | Entered Mines 403 | -10/Mines | Met a Derelict shopkeep closing up shop 436 | -10/Mines | Deemed a non-threat by the Exiles lab entrance 436 | -10/Mines | Discovered new exit (range 5) 437 | -10/Mines | Entered Exiles 449 | -10/Exiles | Met 8R-AWN 454 | -10/Exiles | Met EX-HEX 466 | -10/Exiles | Met EX-BIN 472 | -10/Exiles | Aligned with FarCom system 473 | -10/Exiles | Given EX-Vault access code 480 | -10/Exiles | Opened EX-Vault 483 | -10/Exiles | Found Prototype Energy Cannon 484 | -10/Exiles | Identified YOLO Cannon 485 | -10/Exiles | Found Gui. Plasma Cannon 493 | -10/Exiles | Warned to stay clear of 0b10 Research branches 502 | -10/Exiles | Met EX-DEC 505 | -10/Exiles | Build established: Sprinter 538 | -10/Exiles | Visited The Gauntlet 582 | -10/Exiles | Discovered new exit (range 14) 599 | -10/Exiles | Left Exiles lab with Gui. Plasma Cannon 599 | -10/Exiles | Entered Mines 612 | -9/Mines | Discovered new exit (range 13) 651 | -9/Mines | Assembled infested the area 651 | -9/Mines | Learned Materials emergency access door positions 656 | -9/Mines | Assisted by a Guerilla fighting off Assembled 677 | -9/Mines | Core integrity fell below 50% 734 | -9/Mines | Assisted by bots powering up and referring to "LRC-V3" 755 | -9/Mines | Discovered new exit (range 5) 758 | -9/Mines | Met a Derelict who couldn't figure out how to use a Trap Extractor 766 | -9/Mines | Entered Materials 766 | -8/Materials | Evolved 4 slots: Power x1, Propulsion x1, Utility x1, Weapon x1 779 | -8/Materials | Lost 3 allies 780 | -8/Materials | Lost 3 parts (1p1n1w) 912 | -8/Materials | Discovered new exit (range 15) 923 | -8/Materials | Entered Factory 923 | -7/Factory | Evolved 2 slots: Utility x2 945 | -7/Factory | Lost 3 parts (1p1n1w) 1077 | -7/Factory | Lost 5 parts (2p2n1w) 1110 | -7/Factory | Core integrity fell below 50% 1183 | -7/Factory | Build established: Mutant 1196 | -7/Factory | Discovered new exit (range 9) 1230 | -7/Factory | Entered another Factory area 1230 | -6/Factory | Evolved 2 slots: Propulsion x1, Utility x1 1359 | -6/Factory | Identified exit to DSF 1401 | -6/Factory | Entered DSF 1443 | -6/DSF | Additional patrols routed to DSF 1507 | -6/DSF | Core integrity fell below 50% 1516 | -6/DSF | Lost 5 parts (1n3u1w) 1526 | -6/DSF | Core integrity fell below 20% 1534 | -6/DSF | Destroyed by H-66 Slayer with Gauss Rifle Last Messages --------------- 01515_ Field strength at 45. 01516_ Field strength at 36. 01517_ Field strength at 30. 01518_ Knocked back. 01518_ Field strength at 9. 01519_ Field strength at 3. 01520_ Stasis field depleted. 01522_ System corrupted: Matter fused (-8). 01523_ Knocked back. 01524_ Acquired Authchip [Armor]. 01525_ C-30 ARC bursts open, deploying its payload. 01525_ H-66 Slayer unfolds itself. 01525_ Penetrated by Slug. 01525_ Triangulator destroyed. 01528_ Slug penetrates A-15 Conveyor. 01528_ Penetrated by Slug. 01530_ Authchip [Armor] destroyed. 01530_ Acquired Gyrokinetic Inverter. 01534_ Penetrated by Slug. Map ----- +----------------------------------------------------+ | | | | | | | | | | | | | | | | | | | | | ???????????????????????????????????????????????? | | ???????????????????????????????????????????????? | | ???????????????????????????????????????????????? | | ???????????????????????????????????????????????? | | ???????????????????????????????????????????????? | | ???????????????????????????????????????????????? | | ??????????????????????#######??????????????????? | | ??????????????????????! #??????????????????? | | ??????????????????????! ???????????????????? | | ?????????????????????? ???????????????????? | | ?????????????????????? ????????????????????? | | ??????????????????????# #????????????????????? | | ????????????????????### ###??????????????????? | | ????????????????????#!! //#??????????????????? | | ????????????????????#!! //#??????????????????? | | ????????????????????#!!@ //#??????????????????? | | ????????????????????### ###??????????????????? | | ????????????????????#== !!#??????????????????? | | ????????????????????#= !!#??????????????????? | | ????#???????????????#== !!#??????????????????? | | ????# ################# ###??????????????????? | | ???###"]] ## #!!!### ##???????????????????? | | ???# "]] "# # !!##H A##!!!#??????????????? | | ??????# ^^ % x % " ?????????? | | ??????# % x hh%" ????????? | | ??????# % ^ A ?????????? | | ??????# ## #[[[## A##!!!#!!!##?????????? | | ??????# ## #[[[### ##?!!!#??!#??????????? | | ??????### ##########?# ##??###??????????????? | | ???????#! !!#????????! ==???????????????????? | | ???????#! !!#????????! % ==#??????????????????? | | ???????#! !!#????????! ==#??????????????????? | | ???????## ###???????## ###??????????????????? | | ???????#! #???????[[ #??????????????????? | | ???????#! #????????[ #??????????????????? | | ???????## ##########?[ ???????????????????? | | ??????### ###!!# #?# ##???????????????????? | | ????###"" [ ##!!# ### ###??????????????????? | | ???#""""" !!/! % % #??????????????????? | | ???#"##"" %[! ! #??????????????????? | +----------------------------------------------------+ Best States ------------- Heat Dissipation 61 Energy Generation 23 Energy Capacity 310 Matter Stores 300 Matter Capacity 300 Sight Range 16 Terrain Scan Density 10 Additional Mass Support 9 Propulsion Shielding 66 Evasion (%) 64 Targeting Accuracy 8 Energy Filtering 30 Authchip Count 1 Item Schematics ----------------- Imp. VTOL Module | -8/Materials | Scanalyzed Lyr. Medium Armor Plating | -7/Factory | Hacked Imp. Datajack | -7/Factory | Scanalyzed Robot Schematics ------------------ None Fabricated ------------ Nothing Repaired ---------- Nothing Alien Tech Used ----------------- None Achievements -------------- None Challenges ------------ None Game ------ Seed ShadingSigixKit Manual? 0 Play Time 00:42:45 Cumulative 30.2 hours Start 2025.05.18 @ 11:37:26 End 2025.05.18 @ 12:18:52 Sessions 1 Manual Loads 0 Difficulty Rogue Special Mode None Game No. 26 Rogue 20 Adventurer 0 Explorer 6 Win Type - Total 1 Types 1/0/0/0/0/0/0/0/0/0 Lore% 25 Gallery% 41 Achievement% 41 Wizard Run 0 Options --------- Layout 1 ASCII 0 Keyboard 0 Movement Mouse Keybinds 0 Fullscreen 1 Font 36/Smallcaps Map View 50x35 Zoom Use 0% Tactical HUD 1 Map Filters NONE Filters NONE Steam 1 RUN: 7a47995f-444a-4211-9832-95e28e69d598